 Dungeon Crawl Stone Soup version 0.21-a0-39-g28ea6b7 (webtiles) character file.

134 seren the Vandal (level 5, 0/36 HPs)
             Began as a Halfling Hunter on May 30, 2017.
             Slain by Xenophilius's ghost (4 damage)
             ... on level 3 of the Dungeon.
             The game lasted 00:12:18 (2978 turns).

seren the Vandal (Halfling Hunter)                  Turns: 2978, Time: 00:12:19

Health: 0/36       AC:  6    Str: 13    XL:     5   Next: 40%
Magic:  5/5        EV: 12    Int: 10    God:
Gold:   115        SH:  0    Dex: 15    Spells: 4/4 levels left

rFire    . . .     SeeInvis +   a - +0 short sword
rCold    . . .     Gourm    .   (shield restricted)
rNeg     . . .     Faith    .   y - +0 scale mail
rPois    .         Spirit   .   (no helmet)
rElec    .         Reflect  .   (no cloak)
rCorr    .         Harm     .   (no gloves)
MR       .....                  (no boots)
Stlth    ..........             (no amulet)
Regen    0.2/turn               p - ring of see invisible
MPRegen  0.1/turn               (no ring)

@: no status effects
A: mutation resistance 1
a: no special abilities


You were on level 3 of the Dungeon.
You were hungry.

You visited 1 branch of the dungeon, and saw 3 of its levels.

You collected 115 gold pieces.

Inventory:

Hand Weapons
 a - a +0 short sword (weapon)
 b - a +2 hunting sling
Missiles
 d - 33 sling bullets
 h - 161 stones (quivered)
Armour
 y - a +0 scale mail (worn)
Jewellery
 p - a ring of see invisible (left hand)
Scrolls
 i - 2 scrolls of enchant weapon
 k - a scroll of immolation
 m - a scroll of blinking {unknown}
 n - 2 scrolls of remove curse
 o - a scroll of identify
 q - a scroll of enchant armour {unknown}
 r - a scroll of fog {unknown}
 t - 2 scrolls of teleportation
 v - a scroll of magic mapping {unknown}
 w - a scroll of amnesia {unknown}
Potions
 j - a potion of mutation {!q}
 u - a potion of heal wounds
 z - a potion of agility {unknown}
Comestibles
 c - 8 chunks of flesh
 f - 2 bread rations
 g - 11 fruits
 x - 2 meat rations


   Skills:
 - Level 3.0 Fighting
 + Level 4.5 Short Blades
 - Level 5.8 Slings
 - Level 2.1 Dodging
 - Level 1.1 Stealth


You had 4 spell levels left.
You didn't know any spells.

Dungeon Overview and Level Annotations

Branches:
Dungeon (3/15)

Altars:

Annotations:
D:3 exclusion: 2 doors, Xenophilius's ghost, amateur DsWn


Innate Abilities, Weirdness & Mutations

You are small and have problems with some larger weapons.
You are somewhat resistant to further mutation.


Message History

Xenophilius's ghost hits you.
You barely miss Xenophilius's ghost. Xenophilius's ghost barely misses you.
You hit Xenophilius's ghost but do no damage.
You hit Xenophilius's ghost but do no damage.
Xenophilius's ghost hits you!
You hit Xenophilius's ghost but do no damage.
Xenophilius's ghost barely misses you.
You hit Xenophilius's ghost but do no damage.
Xenophilius's ghost hits you but does no damage.
You hit Xenophilius's ghost.
Xenophilius's ghost is lightly damaged.
Xenophilius's ghost barely misses you.
You hit Xenophilius's ghost.
Xenophilius's ghost is lightly damaged.
Xenophilius's ghost hits you!
* * * LOW HITPOINT WARNING * * *
You completely miss Xenophilius's ghost.
Xenophilius's ghost is lightly damaged.
Xenophilius's ghost hits you.
You die...

###.....#o# #+#
#.......#
#####.### ##.#.# .
##....### #
#.......+ .
##...#### # ##.##
#@# #W# #.# #.#
#.# #.# ### ##.##
###.##
#...#####....##
#.........W...####


You could see Xenophilius's ghost.

Vanquished Creatures
  A worker ant (D:1)
  4 adders (D:2)
  An ooze (D:1)
  3 dart slugs
  3 leopard geckos
  An orc (D:3)
  8 bats
  2 giant cockroaches
  12 goblins
  9 hobgoblins
  A quokka (D:2)
  3 frilled lizards
  5 kobolds
  6 rats
59 creatures vanquished.

Notes
Turn   | Place    | Note
-------+----------+-------------------------------------------
     0 | D:1      | seren the Halfling Hunter began the quest for the Orb.
     0 | D:1      | Reached XP level 1. HP: 14/14 MP: 1/1
    39 | D:1      | Reached skill level 1 in Short Blades
    53 | D:1      | Reached XP level 2. HP: 19/19 MP: 2/2
   480 | D:1      | Reached XP level 3. HP: 25/25 MP: 3/3
  1209 | D:2      | Reached XP level 4. HP: 29/30 MP: 4/4
  2287 | D:1      | HP: 1/31 [poisoned by a worker ant]
  2288 | D:1      | Reached XP level 5. HP: 2/36 MP: 5/5
  2909 | D:3      | Noticed Xenophilius's ghost (amateur DsWn)
  2978 | D:3      | Slain by Xenophilius's ghost

Vault maps used:
D:1:      scummos_arrival_simple_crosswalls, lemuel_another_geyser
D:2:      minmay_bisected
D:3:      minmay_goblin_kobold_castle, marbit_many_paths, uniq_ijyb

Skill      XL: |  1  2  3  4 |
---------------+-------------+-----
Fighting       | 2 3 |  3.0
Short Blades   | 1 2 4 |  4.5
Slings         | |  5.8
Dodging        | |  2.1
Stealth        | |  1.1

Action                   |  1- 3 |  4- 6 || total
-------------------------+-------+-------++-------
Melee: Short sword       |    98 |   112 ||   210
 Fire: Hunting sling     |    33 |    41 ||    74
  Use: Potion            |     1 |     2 ||     3
       Scroll            |       |     6 ||     6
 Stab: Sleeping          |       |     1 ||     1
  Eat: Chunk             |     1 |     3 ||     4
       Royal jelly       |       |     1 ||     1
Armor: Leather armour    |    26 |    15 ||    41
       Scale mail        |       |    15 ||    15
Dodge: Dodged            |    79 |    93 ||   172
